 Dungeon Crawl Stone Soup version 0.19-a0-1168-g98094fc (webtiles) character file.

967 PurpleRed the Cleaver (level 8, 0/64 HPs)
             Began as a Human Berserker on Aug 15, 2016.
             Was a Priest of Trog.
             Slain by a wyvern skeleton (12 damage)
             ... on level 6 of the Dungeon.
             The game lasted 00:10:14 (1623 turns).

PurpleRed the Cleaver (Human Berserker)             Turns: 1623, Time: 00:10:14

Health: 0/64       AC:  8    Str: 20    XL:     8   Next: 38%
Magic:  8/8        EV:  8    Int:  8    God:    Trog [***...]
Gold:   175        SH:  0    Dex: 12    Spells: 0 memorised, 7 levels left

rFire  . . .     SeeInvis .     a - +0 hand axe
rCold  . . .     Gourm    .     r - +0 chain mail
rNeg   . . .     Faith    .     (no shield)
rPois  .         Spirit   .     (no helmet)
rElec  .         Dismiss  .     (no cloak)
rCorr  .         Reflect  .     (no gloves)
MR     .....     Harm     .     (no boots)
Stlth  ..........               (no amulet)
                                (no ring)
                                (no ring)

@: exhausted
A: no striking features
a: Berserk, Trog's Hand, Burn Spellbooks, Renounce Religion


You were on level 6 of the Dungeon.
You worshipped Trog.
Trog was most pleased with you.
You were not hungry.

You visited 2 branches of the dungeon, and saw 7 of its levels.

You collected 175 gold pieces.

Inventory:

Hand Weapons
 a - a +0 hand axe (weapon)
Missiles
 m - 9 poisoned needles
Armour
 d - a +1 leather armour of cold resistance
 r - a +0 chain mail (worn)
Jewellery
 o - an uncursed ring of ice
Scrolls
 e - 2 scrolls of remove curse
 i - a scroll of teleportation
 n - a scroll of fog {unknown}
Potions
 b - a potion of heal wounds {unknown}
 f - a potion of curing {unknown}
 g - a potion of mutation
 h - 2 potions of might
 l - a potion of flight {unknown}
 q - 2 potions of agility
Comestibles
 c - a bread ration
 j - 2 chunks of flesh
 k - 2 meat rations


   Skills:
 + Level 6.0 Fighting
 * Level 8.1 Axes
 - Level 2.0 Armour
 - Level 2.0 Dodging


You had 7 spell levels left.
You didn't know any spells.

Dungeon Overview and Level Annotations

Branches:
Dungeon (6/15)             Temple (1/1) D:5

Altars:
Cheibriados
Dithmenos
Elyvilon
Nemelex Xobeh
Pakellas
Qazlal
Trog
Xom
Yredelemnul
Zin
The Shining One

Annotations:
D:6 Menkaure, Prince Ribbit


Message History

You continue eating.
You finish eating.
This raw flesh tastes terrible.
You feel sick.
You feel sick.
Found a long sword.
Found a scroll labeled NAHITA ARRE.
You feel sick.
You are no longer poisoned.
You feel yourself speed up.
n - a scroll labeled NAHITA ARRE
Found a stone staircase leading down.
A wyvern skeleton comes into view.
You hit the wyvern skeleton.
The wyvern skeleton is lightly damaged.
The wyvern skeleton bites you.
* * * LOW HITPOINT WARNING * * *
The wyvern skeleton bites you.
* * * LOW HITPOINT WARNING * * *
The wyvern skeleton bites you!
You die...

.....#
#. #.#
.....#
## #.#
.....#
#.#
.....#
#.#
.....#
#.#
.....#
#.###
..... #
#...#
####
#.#Z##.#
#..@#
...
##..#
####
#..#
#..#
#..#
..>#
#...
....


You could see a wyvern skeleton.

Vanquished Creatures
  Grinder (D:5)
  A phantom (D:5)
  An ogre (D:5)
  2 centaurs
  2 giant frogs (D:6)
  A crimson imp (D:5)
  A giant frog skeleton (D:4)
  Terence (D:2)
  An orc wizard (D:6)
  4 worker ants
  A hound skeleton (D:4)
  A worker ant zombie (D:5)
  3 adders
  An adder skeleton (D:5)
  3 worms
  2 giant geckos
  9 orcs
  5 giant cockroaches
  3 hobgoblins
  4 jackals (D:4)
  A quokka (D:2)
  A ball python (D:5)
  4 bats (D:2)
  A giant gecko skeleton (D:6)
  2 giant newts
  7 goblins
  A jackal skeleton (D:4)
  4 kobolds
  6 rats
74 creatures vanquished.

Notes
Turn   | Place    | Note
-------+----------+-------------------------------------------
     0 | D:1      | PurpleRed the Human Berserker began the quest for the Orb.
     0 | D:1      | Reached XP level 1. HP: 18/18 MP: 1/1
   170 | D:1      | Reached XP level 2. HP: 20/24 MP: 2/2
   282 | D:2      | Noticed Terence
   287 | D:2      | Reached XP level 3. HP: 29/29 MP: 3/3
   290 | D:2      | Killed Terence
   290 | D:2      | Reached skill level 4 in Axes
   290 | D:2      | Reached XP level 4. HP: 32/36 MP: 4/4
   290 | D:2      | Reached ** piety under Trog
   748 | D:3      | Reached XP level 5. HP: 42/42 MP: 5/5
   903 | D:4      | Reached skill level 5 in Axes
  1004 | D:4      | Found a white marble altar of Elyvilon.
  1028 | D:4      | Reached XP level 6. HP: 48/48 MP: 6/6
  1049 | D:5      | Entered Level 5 of the Dungeon
  1068 | D:5      | Noticed an ogre
  1081 | D:5      | Killed an ogre
  1100 | D:5      | Reached skill level 6 in Axes
  1201 | D:6      | Noticed Prince Ribbit
  1202 | D:6      | Reached XP level 7. HP: 36/55 MP: 7/7
  1204 | D:6      | Noticed Menkaure
  1257 | D:5      | Found a staircase to the Ecumenical Temple.
  1264 | Temple   | Entered the Ecumenical Temple
  1394 | D:5      | Reached skill level 5 in Fighting
  1444 | D:5      | Noticed Grinder
  1449 | D:5      | Reached skill level 7 in Axes
  1455 | D:5      | Killed Grinder
  1455 | D:5      | Reached XP level 8. HP: 21/63 MP: 8/8
  1515 | D:6      | Found an oddly glowing altar of Pakellas.
  1526 | D:6      | Reached *** piety under Trog
  1528 | D:6      | Reached skill level 8 in Axes
  1623 | D:6      | Slain by a wyvern skeleton

Vault maps used:
D:1:      dpeg_arrival_prison, serial_corexii_hall, corexii_hall_statues_i,
          corexii_hall_statues_t
D:2:      minmay_mini_jars, uniq_terence
D:3:      old_standard_altar, st_stairs_3, kennysheep_generic_room_16,
          uniq_crazy_yiuf_cottage, uniq_natasha, uniq_jessica, uniq_purgy
D:4:      lemuel_doored_altar, old_standard_altar, first_bread, minmay_distorted
D:5:      makhleb_heckhound_becter, uniq_grinder
D:6:      overflow_temple_1_default, marbit_many_paths, minivault_14,
          uniq_prince_ribbit1, uniq_menkaure
Temple:   nicolae_temple_figure_zero

Skill      XL: |  1  2  3  4  5  6  7  8 |
---------------+-------------------------+-----
Axes           | 4 5 6 7 8 |  8.1
Fighting       | 4 5 6 |  6.0
Armour         | |  2.0
Dodging        | |  2.0

Action                   |  1- 3 |  4- 6 |  7- 9 || total
-------------------------+-------+-------+-------++-------
Melee: Hand axe          |    46 |   133 |    68 ||   247
Invok: Berserk           |     1 |     5 |     4 ||    10
       Trog's Hand       |       |       |     2 ||     2
  Use: Scroll            |       |     7 |     1 ||     8
       Potion            |       |     1 |       ||     1
  Eat: Chunk             |       |     6 |     6 ||    12
       Pizza             |       |       |     1 ||     1
Armor: Leather armour    |    18 |     7 |       ||    25
       Scale mail        |       |    39 |       ||    39
       Chain mail        |       |    48 |    31 ||    79
Dodge: Dodged            |    36 |    72 |    33 ||   141
